 Dungeon Crawl Stone Soup version 0.28.0-45-g0d030f2227 (webtiles) character file.

Game seed: 4010978022285591310

4485 protoss039 the Fighter (level 10, -2/86 HPs)
             Began as a Demonspawn Earth Elementalist on May 22, 2022.
             Was a Follower of Vehumet.
             Slain by a two-headed ogre
             ... wielding a +0 glaive
              (14 damage)
             ... in a bailey.
             The game lasted 00:21:27 (9691 turns).

protoss039 the Fighter (DsEE)                       Turns: 9691, Time: 00:21:29

Health: -2/86      AC:  7    Str:  9    XL:     10   Next: 16%
Magic:  10/20      EV: 11    Int: 21    God:    Vehumet [*.....]
Gold:   452        SH:  0    Dex: 13    Spells: 12/22 levels left

rFire   . . .      SeeInvis +   a - +2 dagger (drain)
rCold   . . .      Faith    .   (no shield)
rNeg    . . .      Spirit   .   l - +0 leather armour
rPois   .          Reflect  .   (helmet restricted)
rElec   .          Harm     .   (no cloak)
rCorr   .          Rampage  .   (no gloves)
Will    +....                   v - +1 pair of boots
Stlth   ++........              h - amulet of magic regeneration
HPRegen 0.24/turn               b - ring of see invisible
MPRegen 0.57/turn               E - ring of willpower

@: no status effects
A: horns 1, rugged brown scales 2, spiny 1
a: Renounce Religion


You were in a bailey.
You worshipped Vehumet.
Vehumet was aware of your devotion.
You visited 2 branches of the dungeon, and saw 8 of its levels.
You also visited: Bailey.

You collected 452 gold pieces.

Inventory:

Hand Weapons
 a - a +2 dagger of draining (weapon)
 G - a +1 vampiric spear
Missiles
 i - 3 throwing nets
 t - 51 stones
Armour
 l - a +0 leather armour (worn)
 v - a +1 pair of boots (worn)
Magical Staves
 d - a staff of poison
 w - a staff of conjuration
Jewellery
 b - a ring of see invisible (left hand)
 h - an amulet of magic regeneration (around neck)
 E - a ring of willpower (right hand)
Wands
 j - a wand of charming (11)
 y - a wand of paralysis (7)
 B - a wand of flame (17)
Scrolls
 c - 2 scrolls of enchant weapon
 f - a scroll of identify
 m - 2 scrolls of amnesia
 n - a scroll of brand weapon
 r - a scroll of blinking
 x - 2 scrolls of fog
 z - 3 scrolls of enchant armour
 A - a scroll of immolation
 F - 2 scrolls of teleportation {unknown}
Potions
 e - 4 potions of brilliance
 g - 2 potions of curing
 k - 2 potions of magic
 o - 2 potions of cancellation {unknown}
 p - a potion of lignification {unknown}
 q - 5 potions of heal wounds
 s - a potion of mutation {unknown}
 u - 3 potions of might {unknown}
 C - a potion of berserk rage {unknown}
 D - 3 potions of haste {unknown}


   Skills:
 + Level 8.4 Fighting
 - Level 3.0 Armour
 - Level 1.8 Dodging
 - Level 1.8 Stealth
 * Level 6.9 Spellcasting
 + Level 5.9 Conjurations
 - Level 1.0 Transmutations
 - Level 6.0 Earth Magic
 - Level 3.0 Poison Magic


You had 12 spell levels left.
You knew the following spells:

 Your Spells              Type           Power      Damage    Failure   Level
a - Sandblast             Erth           64%        2d14      1%          1
b - Passwall              Tmut/Erth      18%        N/A       4%          2
c - Stone Arrow           Conj/Erth      64%        3d11      3%          3
d - Olgreb's Toxic Radia  Pois           19%        N/A       34%         4

Your spell library contained the following spells:

 Spells                   Type           Power      Damage    Failure   Level
 Shock                    Conj/Air       76%        1d7       3%          1
 Sting                    Tmut/Pois      60%        1d6       5%          1
 Poisonous Vapours        Pois/Air       26%        N/A       10%         2
 Animate Skeleton         Necr           14%        N/A       12%         1
 Apportation              Tloc           14%        N/A       12%         1
 Pain                     Necr           28%        1d5       12%         1
 Slow                     Hex            28%        N/A       12%         1
 Summon Small Mammal      Summ           28%        N/A       12%         1
 Spider Form              Tmut/Pois      15%        N/A       16%         3
 Ensorcelled Hibernation  Hex/Ice        14%        N/A       19%         2
 Petrify                  Tmut/Erth      22%        N/A       28%         4
 Call Canine Familiar     Summ           7%         N/A       36%         3
 Confusing Touch          Hex            7%         N/A       36%         3
 Summon Guardian Golem    Hex/Summ       7%         N/A       36%         3
 Tukima's Dance           Hex            7%         N/A       36%         3
 Vampiric Draining        Necr           7%         2d6       36%         3
 Anguish                  Hex/Necr       3%         N/A       77%         4
 Agony                    Necr           7%         N/A       98%         5
 Excruciating Wounds      Necr           3%         N/A       98%         5
 Enfeeble                 Hex            3%         N/A       100%        7


Dungeon Overview and Level Annotations

Branches:
Dungeon (7/15)             Temple (1/1) D:6          Bailey (1/1)

Altars:
Ashenzari
Cheibriados
Dithmenos
Elyvilon
Fedhas
Gozag
Hepliaklqana
Kikubaaqudgha
Makhleb
Okawaru
Qazlal
Ru
Sif Muna
Trog
Uskayaw
Vehumet
Wu Jian
Xom
Zin
The Shining One

Shops:
D:5 :   D:6 [

Annotations:
D:3 3 runed translucent doors, Glaciallarry's ghost, amateur GnWn
D:4 1 runed translucent door, Panino's ghost, amateur DrCj


Innate Abilities, Weirdness & Mutations

You have a pair of small horns on your head.
You are mostly covered in rugged brown scales. (AC +2, +5% HP)
You are partially covered in sharp spines.


Message History

The floor.
Things that are here:
a +0 trident; a scroll labelled ATIGUFAEZO; a spriggan corpse
Casting: Stone Arrow (mildly dangerous; 3% risk of failure)
Confirm with . or Enter, or press ? or * to list all spells.
Aiming: Stone Arrow (mildly dangerous; 3% risk of failure)
Press: ? - help, Shift-Dir - straight line, f/p - two-headed ogre
Aim: a two-headed ogre, wielding a +0 glaive and a +0 halberd (88% to hit)
The stone arrow hits the two-headed ogre!
The two-headed ogre is moderately wounded.
Unknown command.
Casting: Stone Arrow (mildly dangerous; 3% risk of failure)
Confirm with . or Enter, or press ? or * to list all spells.
Aiming: Stone Arrow (mildly dangerous; 3% risk of failure)
Press: ? - help, Shift-Dir - straight line, f/p - two-headed ogre
Aim: a two-headed ogre, wielding a +0 glaive and a +0 halberd (moderately wounded, 88% to hit)
The stone arrow hits the two-headed ogre!
The two-headed ogre is severely wounded.
The two-headed ogre completely misses you.
The two-headed ogre hits you from afar with a +0 halberd.
Casting: Stone Arrow (mildly dangerous; 3% risk of failure)
Confirm with . or Enter, or press ? or * to list all spells.
Aiming: Stone Arrow (mildly dangerous; 3% risk of failure)
Press: ? - help, Shift-Dir - straight line, f/p - two-headed ogre
Aim: a two-headed ogre, wielding a +0 glaive and a +0 halberd (severely wounded, 88% to hit)
The stone arrow hits the two-headed ogre!
The two-headed ogre is almost dead.
The two-headed ogre hits you from afar with a +0 glaive!!
* * * LOW HITPOINT WARNING * * *
The two-headed ogre hits you from afar with a +0 halberd.
* * * LOW HITPOINT WARNING * * *
Casting: Stone Arrow (mildly dangerous; 3% risk of failure)
Confirm with . or Enter, or press ? or * to list all spells.
Aiming: Stone Arrow (mildly dangerous; 3% risk of failure)
Press: ? - help, Shift-Dir - straight line, f/p - two-headed ogre
Aim: a two-headed ogre, wielding a +0 glaive and a +0 halberd (almost dead, 88% to hit)
The stone arrow misses the two-headed ogre.
The two-headed ogre barely misses you.
The two-headed ogre hits you from afar with a +0 halberd!
You die...

##...## ##..##. ..##..##
#.....# ##.)♣#. ..#♣..##
##.....###..##.. ♣##♣..#...#
#...∩..≈≈≈..♣..♣♣i..♣♣.#...#
#......≈≈≈..#..♣..≈ ♣.♣≈..#
#......≈≈≈..#..≈. ♣.≈≈..#
#......≈≈≈..#..# ♣.#≈..#
#...∩..≈)≈..#..♣♣ ♣♣.#...#
##....)###..##.@♣♣♣♣♣..♣...#
#...).# ##..##..O....♣♣..##
##...## ##..##.....##).##
##.## ##..####♣##..## ###
##.........## ##.......##
#########


You could see a two-headed ogre.

Vanquished Creatures
  Prince Ribbit (D:5)
  Grinder (D:5)
  Sigmund (D:2)
  5 spriggans (Bailey)
  A wyvern (D:7)
  Menkaure (D:7)
  An acid dragon (Bailey)
  Duvessa (D:5)
  3 black bears
  7 ogres
  3 gnoll sergeants (D:6)
  3 scorpions
  Dowan (D:5)
  3 water moccasin skeletons
  4 howler monkeys
  2 centaur skeletons
  A gnoll shaman (D:6)
  9 hounds
  9 iguanas
  2 bullfrog skeletons
  An orc wizard (D:3)
  28 gnolls
  6 adders
  A white imp (D:6)
  2 adder skeletons (D:4)
  A worm (D:2)
  3 dart slugs
  19 orcs
  6 ball pythons
  5 endoplasms
  2 giant cockroaches (D:2)
  15 goblins
  12 hobgoblins
  7 jackals
  5 quokkas
  4 bats
  3 frilled lizards
  7 kobolds
  6 rats
192 creatures vanquished.

Notes
Turn   | Place    | Note
-------+----------+-------------------------------------------
     0 | D:1      | protoss039 the Demonspawn Earth Elementalist began the
                  | quest for the Orb.
     0 | D:1      | Reached XP level 1. HP: 13/13 MP: 3/3
    84 | D:1      | Reached skill level 1 in Transmutations
   391 | D:1      | Gained mutation: You are partially covered in rugged brown
                  | scales. (AC +1, +3% HP) [demonic ancestry]
   391 | D:1      | Reached XP level 2. HP: 14/20 MP: 0/5
   504 | D:1      | Learned a level 2 spell: Passwall
   558 | D:1      | Reached skill level 1 in Fighting
  1422 | D:2      | Reached XP level 3. HP: 23/26 MP: 6/6
  1512 | D:2      | Found a faded altar of an unknown god.
  1774 | D:2      | Noticed a scorpion
  1779 | D:2      | Killed a scorpion
  1780 | D:2      | Reached skill level 2 in Fighting
  1780 | D:2      | Reached XP level 4. HP: 29/35 MP: 3/8
  1835 | D:2      | Learned a level 3 spell: Stone Arrow
  2055 | D:2      | Reached skill level 3 in Fighting
  2055 | D:2      | Gained mutation: You have a pair of small horns on your
                  | head. [demonic ancestry]
  2055 | D:2      | Reached XP level 5. HP: 28/42 MP: 6/9
  2240 | D:2      | Noticed Sigmund
  2252 | D:2      | Killed Sigmund
  2253 | D:2      | Reached skill level 1 in Conjurations
  2253 | D:2      | Reached XP level 6. HP: 25/49 MP: 1/10
  2751 | D:2      | Reached skill level 4 in Fighting
  3845 | D:3      | Found a runed translucent gate.
  3845 | D:3      | Found a runed translucent gate.
  3845 | D:3      | Found a runed translucent gate.
  4680 | D:3      | Noticed Glaciallarry's ghost (amateur GnWn)
  4883 | D:4      | Found a burning altar of Makhleb.
  5114 | D:4      | Found a runed translucent door.
  5117 | D:4      | Noticed Panino's ghost (amateur DrCj)
  5195 | D:4      | Gained mutation: You are partially covered in sharp spines.
                  | [demonic ancestry]
  5195 | D:4      | Reached XP level 7. HP: 56/56 MP: 8/12
  5258 | D:4      | Reached skill level 1 in Armour
  5504 | D:4      | Identified the +0 hunting sling of the Leaping Eel {venom,
                  | rF- rN+++ Int-4 SInv}
  5569 | D:4      | Found a bloodstained altar of Trog.
  5833 | D:4      | Reached skill level 5 in Fighting
  6175 | D:5      | Entered Level 5 of the Dungeon
  6295 | D:5      | Found Benkakof's Self-Improvement Boutique.
  6379 | D:5      | Reached XP level 8. HP: 50/64 MP: 8/14
  6481 | D:5      | Noticed Prince Ribbit
  6518 | D:5      | Killed Prince Ribbit
  6519 | D:5      | Reached skill level 6 in Fighting
  6685 | D:5      | Noticed Duvessa
  6686 | D:5      | Noticed Dowan
  6693 | D:5      | Killed Duvessa
  6846 | D:4      | Reached skill level 5 in Earth Magic
  6873 | D:5      | Killed Dowan
  7009 | D:5      | Noticed Grinder
  7016 | D:5      | Killed Grinder
  7590 | D:6      | Reached skill level 7 in Fighting
  7590 | D:6      | Reached skill level 5 in Spellcasting
  7590 | D:6      | Gained mutation: You are mostly covered in rugged brown
                  | scales. (AC +2, +5% HP) [demonic ancestry]
  7590 | D:6      | Reached XP level 9. HP: 69/75 MP: 10/16
  7835 | D:6      | Found a staircase to the Ecumenical Temple.
  7849 | Temple   | Entered the Ecumenical Temple
  8229 | Temple   | Became a worshipper of Vehumet
  8488 | D:6      | Found Puptucux's Armour Emporium.
  8661 | D:6      | Learned a level 4 spell: Olgreb's Toxic Radiance
  8967 | D:7      | Reached * piety under Vehumet
  8967 | D:7      | Offered knowledge of Shock by Vehumet.
  8972 | D:7      | Reached skill level 5 in Conjurations
  8994 | D:7      | Reached skill level 1 in Poison Magic
  9080 | D:7      | Noticed Menkaure
  9088 | D:7      | Killed Menkaure
  9109 | D:7      | Found a flagged portal.
  9218 | Bailey   | Entered a bailey
  9296 | Bailey   | Reached skill level 8 in Fighting
  9445 | Bailey   | Reached XP level 10. HP: 48/84 MP: 6/19
  9681 | Bailey   | Noticed a two-headed ogre
  9691 | Bailey   | Slain by a two-headed ogre

Illustrated notes

Levels and vault maps discovered:
D:1:      lightli_arrival_chessboard, layout_loops_ring, minmay_octomino_c4
D:2:      layout_loops_corners, shapermc_ecumenical_altar_flowoftime,
          uniq_sigmund
D:3:      layout_loops_corners, gammafunk_ghost_icy, minmay_goblin_kobold_house
D:4:      layout_loops_ring, lemuel_round_altar, lemuel_doored_altar,
          hellmonk_ghost_happy_afterlife, small_statue_intersection,
          hangedman_abyss_or_decor_slice, lemuel_old_faithful
D:5:      layout_loops_cross, serial_rivers, chequers_serial_rivers_small_a,
          chequers_serial_rivers_small_3, chequers_serial_rivers_room_b,
          chequers_serial_rivers_micro_c, nicolae_shop_self_help,
          uniq_prince_ribbit1, uniq_duvessa, uniq_grinder
D:6:      layout_cave_pools, minmay_temple_entry_overgrown, serial_gnoll_camp,
          gnoll_camp_mini_loothouse, gnoll_camp_mini_hut, gnoll_camp_medium_02,
          gnoll_camp_mini_shop, gnoll_camp_mini_sergeant, gnoll_camp_mini_basic
D:7:      layout_loops_ring, enter_bailey_2, uniq_menkaure
Temple:   hc_temple_tempest_star
Bailey:   bailey_polearm_enchanted_keep_hellmonk, bailey

Skill      XL: |  1  2  3  4  5  6  7  8  9 |
---------------+----------------------------+-----
Transmutations | 1 |  1.0
Fighting       | 1 2 3 4 5 7 8 |  8.4
Earth Magic    | 3 4 5 6 |  6.0
Spellcasting   | 3 4 5 6 |  6.9
Conjurations   | 1 2 3 4 5 |  5.9
Armour         | 2 3 |  3.0
Poison Magic   | 3 |  3.0
Dodging        | |  1.8
Stealth        | |  1.8

Action                   |  1- 3 |  4- 6 |  7- 9 | 10-12 || total
-------------------------+-------+-------+-------+-------++-------
Melee: Short sword       |    46 |    88 |       |       ||   134
       Punch             |     1 |     1 |     1 |       ||     3
       Headbutt          |       |    20 |     3 |       ||    23
       Trident           |       |    29 |     1 |       ||    30
       Spear             |       |       |    30 |       ||    30
       Dagger            |       |       |    15 |       ||    15
 Cast: Sandblast         |    38 |    11 |    54 |     7 ||   110
       Stone Arrow       |       |    43 |   126 |    13 ||   182
Evoke: Wand              |       |       |     1 |     4 ||     5
  Use: Potion            |       |     1 |       |       ||     1
       Scroll            |       |     8 |     5 |       ||    13
 Stab: Sleeping          |     1 |     4 |     3 |       ||     8
Armor: Robe              |     9 |       |       |       ||     9
       Leather armour    |     9 |    60 |    20 |     2 ||    91
Dodge: Dodged            |    48 |   102 |    46 |     6 ||   202
